 Dungeon Crawl Stone Soup version 0.13.0-25-g43d4df3 (webtiles) character file.

236 Malachi the Ruinous (level 4, -3/36 HPs)
             Began as a Naga Conjurer on Oct 27, 2013.
             Hit by a stone thrown by a crimson imp (4 damage)
             ... on Level 3 of the Dungeon.
             The game lasted 00:06:55 (2669 turns).

Malachi the Ruinous (Naga Conjurer)                 Turns: 2669, Time: 00:06:55

HP  -3/36        AC  1     Str 10      XL: 4   Next: 61%
MP   6/7         EV 10     Int 17      God:
Gold 143         SH  0     Dex 11      Spells:  2 memorised,  2 levels left

Res.Fire  : . . .   See Invis. : +   g - +3,+1 elf dagger (curse)
Res.Cold  : . . .   Warding    : .   o - -2 robe (curse)
Life Prot.: . . .   Conserve   : +   (no shield)
Res.Poison: +       Res.Corr.  : .   (no helmet)
Res.Elec. : .       Clarity    : .   i - +0 orc cloak
Sust.Abil.: . .     Spirit.Shd : .   (no gloves)
Res.Mut.  : .       Stasis     : .   (no barding)
Res.Rott. : .       Flight     : .   l - amulet of conservation
Saprovore : . . .                    (no ring)
                                     (no ring)

@: very slow, slightly resistant to hostile enchantments, fairly stealthy
A: spit poison, see invisible, deformed body, poison resistance, slowness 2, AC
+1
a: Spit Poison


You were on level 3 of the Dungeon.
You were very hungry.

You visited 1 branch of the dungeon, and saw 4 of its levels.

You collected 123 gold pieces.

Inventory:

Hand weapons
 g - a cursed +3,+1 elven dagger (weapon)
Armour
 a - a +0 robe
 i - a +0 orcish cloak (worn)
 o - a cursed -2 robe (worn)
Comestibles
 b - 4 bread rations
 d - an apple
 f - 2 meat rations
 h - 2 pears
 n - a rotting chunk of kobold flesh
Scrolls
 j - a scroll of random uselessness
Jewellery
 l - an amulet of conservation (around neck)
Books
 c - a book of Conjurations

   Spells                             Type                      Level
   *Magic Dart                        Conjuration                  1
   Searing Ray                        Conjuration                  2
   *Dazzling Spray                    Conjuration/Hexes            3
   Iskenderun's Mystic Blast          Conjuration                  4
   Iskenderun's Battlesphere          Conjuration/Charms           4
   Fulminant Prism                    Conjuration/Hexes            5
Magical staves
 k - an uncursed staff of fire
Rods
 r - a cursed +0 rod of venom (12/12)
   (You found it on level 3 of the Dungeon)


   Skills:
 + Level 0.4 Fighting
 + Level 0.4 Short Blades
 - Level 0.5 Staves
 - Level 1.5 Dodging
 - Level 3.0 Stealth
 + Level 1.5 Spellcasting
 * Level 5.4 Conjurations


You had 2 spell levels left.
You knew the following spells:

 Your Spells              Type           Power        Failure   Level  Hunger
a - Magic Dart            Conj           ###.         2%          1    ##.....
b - Dazzling Spray        Conj/Hex       ##......     21%         3    ####...


Dungeon Overview and Level Annotations

Branches:
Dungeon (4/27)
 Temple: D:4-7

Altars:
Nemelex Xobeh
Trog
Yredelemnul


Innate Abilities, Weirdness & Mutations

You cannot wear boots.
You can spit poison.
Your serpentine skin is tough (AC +1).
You have supernaturally acute eyesight.
Armour fits poorly on your strangely shaped body.
Your system is resistant to poisons.
You cover ground very slowly.


Message History

There is a stone staircase leading down here.
You see here 2 stones.
Unknown command.
The crimson imp throws a stone.
The stone misses you.
The crimson imp throws a stone.
The stone misses you.
You see here a stone.
The crimson imp throws a stone.
The stone hits you!
* * * LOW HITPOINT WARNING * * *
You see here a stone.
The crimson imp throws a stone.
The stone hits you!
* * * LOW HITPOINT WARNING * * *
You see here a stone.
The crimson imp throws a stone.
The stone hits you!
* * * LOW HITPOINT WARNING * * *
You see here a stone.
The crimson imp throws a stone.
The stone misses you.
The crimson imp throws a stone.
The stone hits you!
* * * LOW HITPOINT WARNING * * *
The crimson imp throws a stone.
The stone hits you!
You die...

#..# #. #..# #.####
#..# ....# #..# ..#.#
#..# #.#.#
########..####.#.#
...............#.###
#########.(......(.<#
#.......#..((.@...###
#.#.....#.........#
.#.#.#(..5.........#
#.#...............#.#
#.###.#.#####.#.#.#.#
#.###.......#.#.#.#.#
#.#>.................
#.#.#...#####.#####.#
#.#...5.......#


You could see a crimson imp.

Vanquished Creatures
  4 adders (D:2)
  A worm (D:2)
  3 giant geckos
  3 oozes
  6 hobgoblins
  8 bats
  3 giant newts
  6 goblins
  9 kobolds
  A quokka (D:2)
  3 rats
47 creatures vanquished.

Notes
Turn   | Place    | Note
--------------------------------------------------------------
     0 | D:1      | Malachi, the Naga Conjurer, began the quest for the Orb.
     0 | D:1      | Reached XP level 1. HP: 15/15 MP: 3/3
   264 | D:1      | Reached XP level 2. HP: 20/22 MP: 0/4
   507 | D:1      | Found a sparkling altar of Nemelex Xobeh.
   780 | D:1      | Reached XP level 3. HP: 28/28 MP: 2/5
  1012 | D:2      | Reached skill level 5 in Conjurations
  1364 | D:2      | Found a bloodstained altar of Trog.
  1364 | D:2      | Found a basalt altar of Yredelemnul.
  1652 | D:2      | Reached XP level 4. HP: 16/36 MP: 0/7
  1839 | D:2      | Learned a level 3 spell: Dazzling Spray
  2669 | D:3      | HP: 1/36 [crimson imp/ stone (1)]
  2669 | D:3      | Hit by a stone thrown by a crimson imp

Action                   |  1- 3 |  4- 6 || total
-------------------------+-------+-------++-------
Melee: Dagger            |    22 |    44 ||    66
       Staff             |    15 |    20 ||    35
 Cast: Magic Dart        |    55 |    23 ||    78
       Dazzling Spray    |       |     5 ||     5
 Abil: Spit Poison       |     5 |     7 ||    12
  Use: Scroll            |     2 |     4 ||     6
       Potion            |       |     3 ||     3
 Stab: Invisible         |       |     1 ||     1
